 Dungeon Crawl Stone Soup version 0.20.1-1-g8b1a95d (webtiles) character file.

142 McKennaii the Gusty (level 5, -1/28 HPs)
             Began as a Tengu Air Elementalist on Aug 3, 2017.
             Killed from afar by Sigmund (5 damage)
             ... with a magic dart
             ... on level 2 of the Dungeon.
             The game lasted 00:06:24 (2402 turns).

McKennaii the Gusty (Tengu Air Elementalist)        Turns: 2402, Time: 00:06:24

Health: -1/28      AC:  2    Str:  8    XL:     5   Next: 24%
Magic:  1/10       EV: 13    Int: 17    God:
Gold:   136        SH:  0    Dex: 14    Spells: 1/9 levels left

rFire    . . .     SeeInvis .   (no weapon)
rCold    . . .     Gourm    .   (no shield)
rNeg     . . .     Faith    .   a - +0 robe
rPois    .         Spirit   .   (helmet restricted)
rElec    .         Reflect  .   (no cloak)
rCorr    .         Harm     .   (no gloves)
MR       .....                  (boots unavailable)
Stlth    ++........             (no amulet)
Regen    0.1/turn               (no ring)
MPRegen  0.2/turn               (no ring)

@: very slightly contaminated, invisible
A: beak, talons 3, able to fly 1
a: Fly


You were on level 2 of the Dungeon.
You were not hungry.

You visited 1 branch of the dungeon, and saw 2 of its levels.

You collected 136 gold pieces.

Inventory:

Armour
 a - a +0 robe (worn)
Wands
 g - a wand of flame (14/48)
Scrolls
 d - 3 scrolls of identify {unknown}
 e - a scroll of recharging {unknown}
 f - a scroll of blinking {unknown}
 h - a scroll of enchant armour {unknown}
 i - a scroll of remove curse {unknown}
 k - a scroll of fear {unknown}
 l - a scroll of teleportation {unknown}
Potions
 m - a potion of invisibility
Books
 b - a book of Air

   Spells                             Type                      Level
   a - Shock                          Conjuration/Air              1
   b - Swiftness                      Charms/Air                   2
   c - Static Discharge               Conjuration/Air              3
   d - Airstrike                      Air                          4
   e - Lightning Bolt                 Conjuration/Air              5
Comestibles
 c - a bread ration
 j - a royal jelly


   Skills:
 + Level 0.2 Fighting
 + Level 2.3 Dodging
 + Level 2.5 Stealth
 + Level 2.8 Spellcasting
 + Level 2.2 Conjurations
 * Level 6.2 Air Magic


You had one spell level left.
You knew the following spells:

 Your Spells              Type           Power        Failure   Level  Hunger
a - Shock                 Conj/Air       ###.         3%          1    #......
b - Swiftness             Chrm/Air       ##......     8%          2    ##.....
c - Lightning Bolt        Conj/Air       ###.......   65%         5    ######.


Dungeon Overview and Level Annotations

Branches:
Dungeon (2/15)

Altars:
Fedhas
Kikubaaqudgha

Annotations:
D:2 Sigmund


Innate Abilities, Weirdness & Mutations

You have a beak for a mouth.
You have claws for feet.
You can fly.


Message History

The zap hits something. x2
Casting: Shock
Confirm with . or Enter, or press ? or * to list all spells.
Aiming: Shock
Press: ? - help, Shift-Dir - straight line The zap hits something.
Something hits you!
* * * LOW HITPOINT WARNING * * *
Casting: Shock
Confirm with . or Enter, or press ? or * to list all spells.
Aiming: Shock
Press: ? - help, Shift-Dir - straight line The zap hits something.
Something hits you.
* * * LOW HITPOINT WARNING * * *
It was a potion of invisibility.
You fade into invisibility!
You are very lightly contaminated with residual magic.
Something tries to affect you, but you resist.
A magic dart appears from out of thin air!
The magic dart hits you!
You die...

#......##.....##..#
##.......##...## ##
#.>.......##.##
##............
#.............
#................
#................#
#..
#.................
#.. ##...@........
.. .. ##.....##...
#.###. ###.####..#
#..... #.# #.#
#.#.. #.# #.# #...#
#.# #.# ##...
###.####.# #.#.
#........# ##.##
#.....#### ##....


There were no monsters in sight!

Vanquished Creatures
  Natasha (thrice) (D:2)
  4 worms (D:2)
  A leopard gecko (D:2)
  2 ball pythons
  2 giant cockroaches
  10 goblins
  10 hobgoblins
  5 jackals
  2 quokkas (D:2)
  A frilled lizard (D:2)
  8 kobolds
  4 rats
52 creatures vanquished.

Notes
Turn   | Place    | Note
-------+----------+-------------------------------------------
     0 | D:1      | McKennaii the Tengu Air Elementalist began the quest for the Orb.
     0 | D:1      | Reached XP level 1. HP: 10/10 MP: 4/4
   177 | D:1      | Reached XP level 2. HP: 15/15 MP: 4/6
   789 | D:1      | Reached skill level 5 in Air Magic
   866 | D:1      | Reached XP level 3. HP: 19/19 MP: 5/7
  1017 | D:2      | Noticed Natasha
  1022 | D:2      | Killed Natasha
  1095 | D:2      | Reached XP level 4. HP: 22/24 MP: 0/8
  1512 | D:2      | Found a blossoming altar of Fedhas.
  1547 | D:2      | Noticed Sigmund
  1552 | D:2      | Learned a level 2 spell: Swiftness
  1857 | D:2      | Found an ancient bone altar of Kikubaaqudgha.
  2006 | D:2      | Noticed Natasha
  2029 | D:2      | Killed Natasha
  2029 | D:2      | Reached skill level 6 in Air Magic
  2029 | D:2      | Gained mutation: You can fly. [Tengu growth]
  2029 | D:2      | Reached XP level 5. HP: 11/28 MP: 5/10
  2135 | D:2      | Noticed Natasha
  2138 | D:2      | Killed Natasha
  2373 | D:2      | Learned a level 5 spell: Lightning Bolt
  2402 | D:2      | Killed from afar by Sigmund

Skill      XL: |  1  2  3  4 |
---------------+-------------+-----
Air Magic      | 5 6 |  6.2
Conjurations   | 2 |  2.2
Fighting       | |  0.2
Dodging        | |  2.3
Stealth        | |  2.5
Spellcasting   | |  2.8

Action                   |  1- 3 |  4- 6 || total
-------------------------+-------+-------++-------
Melee: Unarmed           |     6 |    10 ||    16
       Kick              |     1 |     3 ||     4
       Peck              |     1 |     4 ||     5
 Cast: Shock             |    58 |    72 ||   130
  Use: Potion            |       |     2 ||     2
  Eat: Chunk             |     1 |     5 ||     6
Armor: Robe              |     1 |     6 ||     7
Dodge: Dodged            |    12 |    28 ||    40
